cohdb
Replays
Latest Replays
All Replays
Popular Replays
Top Player Replays
Match Explorer
How It Works
Community
CoH3 Stats
Reddit
Sign in to upload your games and track your stats! →
Sign in with Steam
Match 39930429
Unlisted
Match 39930429
Overview
Messages
Build Orders
End
Engineer Squad
Construct Barracks
Selects Advanced Infantry Battlegroup
1⁄4-ton 4x4 Truck
Riflemen Squad
Riflemen Squad
Grenade Package
Selects Convert to Ranger Squad
Air Support Center
Riflemen Squad
Selects Frontline Medical Station
Grasshopper Recon Run
P-47 Dive Bomb
Convert to Ranger Squad
Construct Motor Pool
M1 Anti-tank Gun Team
Grasshopper Recon Run
P-47 Dive Bomb
Ranger Squad
P-47 Dive Bomb
Grasshopper Recon Run
Double Sortie
Selects Infantry Assault
P-47 Strafing Run
P-47 Dive Bomb
Frontline Medical Station
Grasshopper Recon Run
Improved Aircraft Armor
Selects Ammunition Storage
Infantry Assault
Grasshopper Recon Run
P-47 Dive Bomb
P-47 Strafing Run
Grasshopper Recon Run
P-47 Dive Bomb
Selects M2A1 105mm Howitzer Emplacement
M1 Anti-tank Gun Team
M1 Anti-tank Gun Team
Moron
IndomitableSpirit
想吃豆芽菜
WeX Dawg
亦生亦死过去身
Moltke1871
Maschinengewehr42
Diter Rams
0
0
Comments
sign in to comment!
No comments posted yet!